 Dungeon Crawl Stone Soup version 0.30-a0-12-gd8047c6341 (webtiles) character file.

Game seed: 5963932005627465130

5569 drpainis the Cleaver (level 10, -14/80 (91) HPs)
             Began as a Minotaur Berserker on Aug 23, 2022.
             Was a Priest of Trog.
             Killed from afar by an eidolon (47 damage)
             ... with a bolt of negative energy
             ... on level 1 of the Abyss.
             The game lasted 00:12:51 (7038 turns).

drpainis the Cleaver (Minotaur Berserker)           Turns: 7038, Time: 00:12:51

HP:   -14/80 (91)   AC: 17    Str: 24      XL:     10   Next: 44%
MP:   9/9           EV:  9    Int:  2 (3)  God:    Trog [***...]
Gold: 435           SH:  0    Dex: 15      Spells: 9/9 levels left

rFire   . . .      SeeInvis .    E - +3 battleaxe
rCold   . . .      Faith    +    (shield currently unavailable)
rNeg    . . .      Spirit   .    f - +0 plate armour
rPois   .          Reflect  .    (helmet restricted)
rElec   .          Harm     .    o - +0 cloak
rCorr   .          Rampage  .    (no gloves)
Will    ++...                    w - +0 pair of boots
Stlth   ..........               z - amulet of faith
HPRegen 1.23/turn                (no ring)
MPRegen 0.11/turn                (no ring)

@: mighty, afraid, strong-willed, regenerating, slowed, heavily drained, very
slow
A: horns 2, retaliatory headbutt, agile 1
a: Renounce Religion, Berserk, Trog's Hand


You were on level 1 of the Abyss.
You worshipped Trog.
Trog was most pleased with you.
You visited 1 branch of the dungeon, and saw 8 of its levels.
You visited the Abyss 1 time.

You collected 435 gold pieces.

Inventory:

Hand Weapons
 a - a +0 hand axe
 n - a +3 quarterstaff of chaos
 s - a +0 war axe
 E - a +3 battleaxe (weapon)
Armour
 b - a +0 animal skin
 f - a +0 plate armour (worn)
 o - a +0 cloak (worn)
 r - +0 steam dragon scales
 w - a +0 pair of boots (worn)
Jewellery
 k - an amulet of magic regeneration
 z - an amulet of faith (around neck)
Wands
 C - a wand of flame (22)
Scrolls
 d - 7 scrolls of teleportation
 e - 4 scrolls of immolation
 i - 4 scrolls of identify
 j - 5 scrolls of noise
 l - a scroll of blinking
 m - a scroll of amnesia
 p - a scroll of fog {unknown}
 y - a scroll of torment
 A - a scroll of magic mapping
Potions
 c - a potion of curing
 g - 3 potions of flight
 q - a potion of resistance {unknown}
 t - a potion of attraction {unknown}
 u - 3 potions of brilliance
 v - a potion of degeneration {unknown}
 x - a potion of experience {unknown}
 B - 2 potions of heal wounds {unknown}
 D - a potion of lignification {unknown}


   Skills:
 + Level 9.0 Fighting
 + Level 12.8 Axes
 + Level 3.0 Staves
 + Level 10.9 Armour
 + Level 3.3 Dodging
 + Level 0.2 Stealth


You had 9 spell levels left.
You didn't know any spells.
Your spell library was empty.

Dungeon Overview and Level Annotations

Branches:
Dungeon (8/15)             Temple (0/1) D:6
   Lair: D:8-11

Altars:
Cheibriados
Dithmenos
Elyvilon
Gozag
Makhleb
Qazlal
Ru
Sif Muna
Uskayaw
Vehumet
Wu Jian
Yredelemnul

Shops:
D:3 =

Annotations:
D:8 qwertyui's ghost, novice MiFi


Innate Abilities, Weirdness & Mutations

You have a pair of horns on your head.
You reflexively headbutt those who attack you in melee.
You are agile. (Dex +4, Str/Int -1)


Message History

The ynoxinul hits you. The eidolon hits you! The eidolon hits you.
The thrashing horror closely misses you.
You furiously retaliate!
You headbutt the thrashing horror! The thrashing horror barely misses you.
The ynoxinul hits you. The eidolon hits you! The eidolon drains your vigour!
You feel as though you will be slow longer.
The eidolon closely misses you.
You barely miss the eidolon. Your headbutt misses the eidolon.
The eidolon is almost destroyed.
You slash the ynoxinul!
You completely miss the thrashing horror.
The thrashing horror tramples you but does no damage.
The thrashing horror closely misses you.
The ynoxinul hits you but does no damage.
The eidolon stares piercingly at you. The bolt of negative energy hits you!!
You feel drained.
* * * LOW HITPOINT WARNING * * *
The thrashing horror tramples you but does no damage. x2
The thrashing horror completely misses you.
The thrashing horror barely misses you. The thrashing horror tramples you.
* * * LOW HITPOINT WARNING * * *
You stumble backwards!
Unknown command.
You feel better.
The thrashing horror roars!
The thrashing horror tramples you.
* * * LOW HITPOINT WARNING * * *
You hold your ground!
The thrashing horror tramples you but does no damage. x3
You feel better.
The thrashing horror tramples you but does no damage.
The thrashing horror tramples you.
You hold your ground!
The thrashing horror tramples you but does no damage. x2
The eidolon stares piercingly at you.
The bolt of negative energy hits the thrashing horror.
The thrashing horror completely resists.
The bolt of negative energy hits you!!!
You feel drained.
Ouch! That really hurt!
You die...

#. ... #
###.##
#.......
..#.#.##
###.##....#
.......3..#
###.###W###
..#X# ##
##@# #. #.#
.##.#
#.##.# #
#......#
########


You could see an eidolon (scary), a thrashing horror and a ynoxinul.

Vanquished Creatures
  A large abomination (Abyss:1)
  Grinder (D:4)
  Prince Ribbit (D:6)
  10 yaks (D:8)
  A steam dragon (D:6)
  A water moccasin (D:7)
  An ice beast (D:7)
  A sky beast (D:7)
  2 ogres (D:5)
  2 centaurs
  A kobold brigand (D:8)
  A phantom (D:6)
  Blork the orc (D:6)
  5 bullfrogs
  2 necrophages
  A wyvern zombie (D:6)
  6 scorpions
  A water moccasin zombie (D:6)
  4 wights (D:7)
  A howler monkey (D:5)
  2 bullfrog zombies (D:6)
  2 orc priests
  8 hounds
  Crazy Yiuf (D:2)
  A jelly (D:7)
  3 iguanas
  Natasha (D:2)
  4 orc wizards
  A killer bee zombie (D:6)
  A howler monkey zombie (D:6)
  7 adders
  4 worms
  5 dart slugs
  19 orcs
  10 endoplasms
  4 giant cockroaches
  7 goblins
  5 hobgoblins
  14 jackals
  3 quokkas
  9 ball pythons
  5 bats
  A frilled lizard (D:2)
  8 kobolds
  3 rats
172 creatures vanquished.

Vanquished Creatures (collateral kills)
  A yak (D:8)
  2 kobold brigands (D:8)
3 creatures vanquished.

Vanquished Creatures (others)
  A plant (D:5)
1 creature vanquished.

Grand Total: 176 creatures vanquished

Notes
Turn   | Place    | Note
-------+----------+-------------------------------------------
     0 | D:1      | drpainis the Minotaur Berserker began the quest for the
                  | Orb.
     0 | D:1      | Reached XP level 1. HP: 19/19 MP: 0/0
   192 | D:1      | Reached skill level 4 in Axes
   192 | D:1      | Reached XP level 2. HP: 20/27 MP: 1/1
   270 | D:1      | You fall into a shaft and drop 1 floor!
   472 | D:2      | Found a faded altar of an unknown god.
   551 | D:2      | Reached XP level 3. HP: 29/34 MP: 2/2
   825 | D:1      | Reached ** piety under Trog
   857 | D:1      | Reached XP level 4. HP: 41/41 MP: 3/3
  1361 | D:2      | Noticed Natasha
  1368 | D:2      | Killed Natasha
  1369 | D:2      | Reached skill level 5 in Axes
  1439 | D:2      | Found a runed translucent door.
  1440 | D:2      | Noticed Crazy Yiuf
  1660 | D:2      | Killed Crazy Yiuf
  1661 | D:2      | Reached XP level 5. HP: 32/47 MP: 4/4
  1986 | D:3      | Reached skill level 5 in Fighting
  2200 | D:3      | Found Wifonumo's Jewellery Boutique.
  2351 | D:3      | Reached skill level 1 in Staves
  2467 | D:3      | Reached *** piety under Trog
  2815 | D:4      | Noticed Grinder
  2825 | D:4      | Reached XP level 6. HP: 45/56 MP: 5/5
  2830 | D:4      | Killed Grinder
  2831 | D:4      | Reached skill level 6 in Axes
  2998 | D:4      | Reached skill level 5 in Armour
  2998 | D:4      | Reached XP level 7. HP: 45/61 MP: 6/6
  3250 | D:4      | Reached skill level 7 in Axes
  3321 | D:4      | Found an opulent altar of Gozag.
  3452 | D:4      | Found a shimmering blue altar of Sif Muna.
  3558 | D:5      | Entered Level 5 of the Dungeon
  3909 | D:5      | Reached XP level 8. HP: 61/70 MP: 7/7
  4214 | D:5      | Found a sacrificial altar of Ru.
  4252 | D:5      | Found a white marble altar of Elyvilon.
  4603 | D:5      | Gained mutation: You occasionally shout uncontrollably at
                  | your foes. [potion of mutation]
  4603 | D:5      | Gained mutation: You are dopey. (Int -2) [potion of
                  | mutation]
  4603 | D:5      | Gained mutation: Your system is resistant to poisons.
                  | (rPois) [potion of mutation]
  4604 | D:5      | Lost mutation: You are dopey. (Int -2) [potion of mutation]
  4604 | D:5      | Lost mutation: Your system is resistant to poisons. (rPois)
                  | [potion of mutation]
  4604 | D:5      | Lost mutation: You occasionally shout uncontrollably at
                  | your foes. [potion of mutation]
  4604 | D:5      | Gained mutation: You are covered in fur. (AC +1) [potion of
                  | mutation]
  4604 | D:5      | Gained mutation: You are somewhat resistant to further
                  | mutation. [potion of mutation]
  4607 | D:5      | Lost mutation: You are covered in fur. (AC +1) [potion of
                  | mutation]
  4607 | D:5      | Lost mutation: You are somewhat resistant to further
                  | mutation. [potion of mutation]
  4607 | D:5      | Gained mutation: Your mind is acute. (Int +4, Str/Dex -1)
                  | [potion of mutation]
  4608 | D:5      | Lost mutation: Your mind is acute. (Int +4, Str/Dex -1)
                  | [potion of mutation]
  4608 | D:5      | Gained mutation: You are agile. (Dex +4, Str/Int -1)
                  | [potion of mutation]
  4653 | D:6      | Found a basalt altar of Yredelemnul.
  4670 | D:6      | Reached skill level 8 in Axes
  4752 | D:6      | Noticed Prince Ribbit
  4760 | D:6      | Killed Prince Ribbit
  4965 | D:6      | Found a burning altar of Makhleb.
  5018 | D:6      | Found a radiant altar of Vehumet.
  5034 | D:6      | Reached skill level 9 in Axes
  5157 | D:6      | Found a stormy altar of Qazlal.
  5291 | D:6      | Found a snail-covered altar of Cheibriados.
  5323 | D:6      | Noticed Blork the orc
  5326 | D:6      | Found a staircase to the Ecumenical Temple.
  5331 | D:6      | Killed Blork the orc
  5331 | D:6      | Reached **** piety under Trog
  5332 | D:6      | Reached XP level 9. HP: 76/79 MP: 8/8
  5422 | D:6      | Found a hide-covered altar of Uskayaw.
  5859 | D:7      | Reached skill level 10 in Axes
  6059 | D:7      | Found an ornate altar of the Wu Jian Council.
  6137 | D:7      | Reached skill level 10 in Armour
  6463 | D:8      | Reached skill level 11 in Axes
  6468 | D:8      | Reached XP level 10. HP: 88/88 MP: 9/9
  6611 | D:8      | Reached skill level 12 in Axes
  6928 | D:8      | Found a runed translucent gate.
  6928 | D:8      | Found a runed translucent gate.
  6929 | D:8      | Found a runed translucent gate.
  6931 | D:8      | Noticed qwertyui's ghost (novice MiFi)
  6932 | D:8      | Found a shadowy altar of Dithmenos.
  6975 | Abyss:1  | Cast into level 1 of the Abyss (kobold brigand)
  6986 | Abyss:1  | Noticed a large abomination
  7002 | Abyss:1  | Killed a large abomination
  7022 | Abyss:1  | Noticed an eidolon
  7027 | Abyss:1  | Noticed a thrashing horror
  7038 | Abyss:1  | Killed from afar by an eidolon

Illustrated notes

Levels and vault maps discovered:
D:1:      mrwooster_arrival_arrow, layout_basic
D:2:      layout_basic, dreamdust_ecumenical_altar_statues,
          amcnicky_mini_rare_corridor_liquid, uniq_crazy_yiuf_cottage,
          uniq_natasha
D:3:      layout_loops_ring, serial_shops, nicolae_shop_trees, dk_vineyard_1,
          minmay_misc_feat_diagonals, minmay_misc_feat_alley,
          kennysheep_generic_room_7
D:4:      layout_cave_pools, lemuel_blue_sif_altar,
          nicolae_gozag_cash_rules_everything_around_me, uniq_grinder
D:5:      layout_basic, kennysheep_mini, nicolae_elyvilon_temple_path,
          item_on_display_a
D:6:      layout_loops_cross, lemuel_coloured_pillars_altar, bloody_makhleb,
          nicolae_vehumet_radiance, kennysheep_mini_moat, lemuel_tele_altar,
          nicolae_yredelemnul_corpse_copse, minmay_temple_entry_sparse_star,
          uniq_blork_the_orc, uniq_prince_ribbit1
D:7:      layout_loops_ring, nzn_wu_jian_contemplation
D:8:      layout_loops_ring, zin_angel, overflow_temple_1_default,
          gammafunk_ghost_nasty_kobolds
Abyss:1:  base:
D:2

Skill      XL: |  1  2  3  4  5  6  7  8  9 10 |
---------------+-------------------------------+-----
Axes           | 4 5 6 7 9 11 12 | 12.8
Fighting       | 4 5 6 7 8 9 |  9.0
Armour         | 3 4 5 6 8 10 | 10.9
Dodging        | 3 |  3.3
Staves         | 1 2 3 |  3.0
Stealth        | |  0.2

Action                   |  1- 3 |  4- 6 |  7- 9 | 10-12 || total
-------------------------+-------+-------+-------+-------++-------
Melee: Hand axe          |    56 |    35 |       |       ||    91
       Headbutt          |    10 |    14 |    31 |     6 ||    61
       Punch             |     1 |       |     1 |       ||     2
       Quarterstaff      |       |    29 |       |       ||    29
       War axe           |       |    41 |   136 |       ||   177
       Battleaxe         |       |       |    44 |    42 ||    86
Invok: Berserk           |       |     2 |     3 |     1 ||     6
       Trog's Hand       |       |     1 |       |     3 ||     4
       Brothers in Arms  |       |       |     1 |     1 ||     2
  Use: Scroll            |       |       |    14 |       ||    14
       Potion            |       |       |     4 |     5 ||     9
Armor: Animal skin       |     1 |       |       |       ||     1
       Plate armour      |    37 |    73 |   151 |    50 ||   311
Dodge: Dodged            |    26 |    33 |    84 |    34 ||   177

Table legend: (Time is in decaauts)
 A = Elapsed time spent in this place.
 B = Non-inter-level travel time spent in this place.
 C = Inter-level travel time spent in this place.
 D = Time resting spent in this place.
 E = Time spent auto-exploring this place.
 F = Levels seen in this place.
 G = Mean time per level.
                   A        B        C        D        E       F      G
               +--------+--------+--------+--------+--------+-----+--------+
         Total |   7168 |   7045 |    123 |      0 |   5576 |   9 |  796.4 |
       Dungeon |   7088 |   6965 |    123 |      0 |   5576 |   8 |  886.0 |
         Abyss |     80 |     80 |      0 |      0 |      0 |   1 |   80.0 |
               +--------+--------+--------+--------+--------+-----+--------+

Top non-repeatable levels by time:
     D:5: 1092 daAuts
     D:2: 1067 daAuts
     D:6: 926 daAuts
     D:7: 917 daAuts
     D:4: 909 daAuts
     D:3: 830 daAuts
     D:1: 799 daAuts
     D:8: 544 daAuts
 Abyss:1: 80 daAuts
